cohdb
Replays
Latest Replays
All Replays
Popular Replays
Top Player Replays
Match Explorer
How It Works
Community
CoH3 Stats
Reddit
Sign in to upload your games and track your stats! →
Sign in with Steam
Match 45201949
Unlisted
Match 45201949
Overview
Messages
Build Orders
End
Kradschützen Motorcycle Team
250 Light Carrier
Panzergrenadier Squad
Construct Light Support Kompanie
Fire Support Elements
Panzergrenadier Squad
Selects Italian Infantry
Selects Guastatori Squad
Guastatori Squad
Panzerjäger Mechanized Group
Flakvierling Half-track
2.5-tonne Medical Truck
Vehicle Survival Package
Construct Panzerarmee Kommand
Flak 36 Anti-tank Gun Team
Selects Defensive Operations
Selects Prepared Positions
Veteran Squad Leaders
Flak 36 Anti-tank Gun Team
Walking Stuka Rocket Launcher
Emergency Repair Kits
Selects Registered Artillery
Selects Towed Cannone da 105/28 Field Howitzer
Selects Obice 305mm Barrage
Tungsten Core Ammunition
Unsafe
德意志军团长
TiGER01
汪精卫
TIE avenger
Lord Grim
Mowferless
无奈
0
0
Comments
sign in to comment!
No comments posted yet!